 Dungeon Crawl Stone Soup version 0.22-a0-271-gc000056a37 (webtiles) character file.

70 Manul the Poker (level 4, -7/60 HPs)
             Began as a Draconian Monk on Mar 11, 2018.
             Killed from afar by Sigmund (9 damage)
             ... with a puff of flame
             ... on level 2 of the Dungeon.
             The game lasted 00:03:11 (1727 turns).

Manul the Poker (Draconian Monk)                    Turns: 1727, Time: 00:03:12

Health: -7/60      AC: 25    Str: 13    XL:     4   Next: 3%
Magic:  4/4        EV:  2    Int: 10    God:
Gold:   77         SH:  0    Dex: 15    Spells: 3/3 levels left

rFire    . . .     SeeInvis .   a - +0 spear
rCold    . . .     Gourm    .   d - +3 buckler {AC+3}
rNeg     + + +     Faith    +   (armour unavailable)
rPois    +         Spirit   .   (helmet currently unavailable)
rElec    .         Reflect  .   (cloak currently unavailable)
rCorr    .         Harm     .   (gloves currently unavailable)
MR       .....     NoTele   +   (boots currently unavailable)
Stlth    +.........             f - amulet of faith
HPRegen  0.20/turn              (no ring)
MPRegen  0.09/turn              (no ring)

@: confused, tree-form
A: unfitting armour, AC +5
a: no special abilities


You were on level 2 of the Dungeon.
You were not hungry.
You were a tree.
You visited 1 branch of the dungeon, and saw 3 of its levels.

You collected 77 gold pieces.

Inventory:

Hand Weapons
 a - a +0 spear (weapon)
Missiles
 h - 3 poisoned tomahawks (quivered)
Armour
 d - a +3 buckler of protection (worn)
Jewellery
 f - an amulet of faith (around neck)
Scrolls
 e - a scroll of identify
 j - a scroll of enchant armour
Potions
 g - a potion of resistance
Comestibles
 b - 5 rations
 c - 3 chunks of flesh


   Skills:
 + Level 3.8 Fighting
 + Level 3.9 Polearms
 + Level 3.2 Dodging
 + Level 1.9 Stealth
 + Level 0.5 Shields


You had 3 spell levels left.
You didn't know any spells.

Dungeon Overview and Level Annotations

Branches:
Dungeon (3/15)

Altars:
Ashenzari
Nemelex Xobeh
Ru

Annotations:
D:2 Sigmund


Innate Abilities, Weirdness & Mutations

((Your plain brown scales are hard. (AC +5)))
You cannot fit into any form of body armour.
((You are cold-blooded and may be slowed by cold attacks.))


Message History

Okay, then.
Okay, then.
Okay, then.
Put on which piece of jewellery? (? for menu, Esc to quit)
Okay, then.
Attack whom?
Press: ? - help, Dir - move target cursor You reach to attack!
You closely miss something. Something hits you but does no damage.
Attack whom?
Press: ? - help, Dir - move target cursor You reach to attack!
You hit something but do no damage.
You hear some strange, mumbled words.
You are confused.
You're too confused!
You cannot move. (Use ctrl+direction to attack without moving.)
You hear some strange, mumbled words.
A puff of flame appears from out of thin air!
The puff of flame hits you!
You die...

#........####.#.#
#.#####..####...#
#.#......##...$.#
#.#.#....##.##..#
####.#.#.#......##(##
.....#......##(.##..########
..............{....>.......
###......#.....$..#..#..####
#.......#.###.[♣.).........
#..#......####....#..#.#####
#..#.#....................[.
##..#<....#######..##..#.###
...................###.#.##
##.##...#####.####.#......#
#........... ..#....#.##
#..###.######## ##...)...#
#..# #.#......# #...#.#.#


There were no monsters in sight!

Vanquished Creatures
  An adder (D:2)
  3 worms
  A dart slug (D:1)
  3 leopard geckos
  A ball python (D:1)
  5 bats
  3 giant cockroaches
  3 goblins
  4 hobgoblins (D:1)
  3 jackals
  4 frilled lizards
  7 kobolds (D:1)
  9 rats
47 creatures vanquished.

Notes
Turn   | Place    | Note
-------+----------+-------------------------------------------
     0 | D:1      | Manul the Draconian Monk began the quest for the Orb.
     0 | D:1      | Reached XP level 1. HP: 19/19 MP: 1/1
   148 | D:1      | Reached XP level 2. HP: 26/26 MP: 2/2
   785 | D:2      | Reached XP level 3. HP: 33/33 MP: 3/3
   806 | D:2      | Noticed Sigmund
  1263 | D:3      | Found a sparkling altar of Nemelex Xobeh.
  1364 | D:3      | Found a sacrificial altar of Ru.
  1364 | D:3      | Found a shattered altar of Ashenzari.
  1536 | D:2      | Reached XP level 4. HP: 31/40 MP: 4/4
  1718 | D:2      | HP: 1/60 [something (3)]
  1727 | D:2      | Killed from afar by Sigmund

Vault maps used:
D:1:      dpeg_arrival_three_same_balls
D:2:      uniq_sigmund
D:3:      gammafunk_temple_overflow_forgotten

Skill      XL: |  1  2 |
---------------+-------+-----
Dodging        | 3 |  3.2
Fighting       | |  3.8
Polearms       | |  3.9
Stealth        | |  1.9
Shields        | |  0.5

Action                   |  1- 3 |  4- 6 || total
-------------------------+-------+-------++-------
Melee: Spear             |   189 |    24 ||   213
       Tailslap          |    14 |     2 ||    16
Throw: Tomahawk          |       |     1 ||     1
  Use: Scroll            |     2 |     1 ||     3
       Potion            |       |     1 ||     1
 Stab: Sleeping          |     4 |     1 ||     5
  Eat: Chunk             |     2 |     1 ||     3
Armor: Skin              |    50 |     5 ||    55
Dodge: Dodged            |    67 |     6 ||    73
Block: Buckler           |    37 |       ||    37

Table legend:
 A = Spawn XP
 B = Non-spawn XP
 C = Spawn XP percentage of total XP
 D = Spawn monster count
 E = Non-spawn monster count
 F = Spawn count percentage of total count
 G = Total turns spent on level
                    A         B        C        D         E        F      G
               +---------+---------+-------+---------+---------+-------+---------
         Total |       0 |     100 |   0.0 |       0 |      47 |   0.0 |  1727
               +---------+---------+-------+---------+---------+-------+---------
           D:1 |       0 |      42 |   0.0 |       0 |      25 |   0.0 |   796
           D:2 |       0 |      33 |   0.0 |       0 |      11 |   0.0 |   464
           D:3 |       0 |      25 |   0.0 |       0 |      11 |   0.0 |   467
               +---------+---------+-------+---------+---------+-------+---------
